 Dungeon Crawl Stone Soup version 0.31.0-1-g2c135a0 (webtiles) character file.

Game seed: 7003654126897495177

33662 bonscott the Devastator (level 14, -2/101 HPs)
             Began as a Djinni Conjurer on Feb 29, 2024.
             Was a High Priest of Makhleb.
             Slain by a basilisk (4 damage)
             ... while petrified by a basilisk
             ... on level 5 of the Lair of Beasts.
             The game lasted 01:54:13 (8782 turns).

bonscott the Devastator (Djinni Conjurer)           Turns: 8782, Time: 01:54:14

Health: -2/101     AC:  7    Str:  8    XL:     14   Next: 9%
Gold:   969        EV:  2    Int: 29    God:    Makhleb [*****.] SH:  0 Dex: 18

rFire   + + .        (no weapon)
rCold   x . .        (no shield)
rNeg    + + +        T - +0 troll leather armour
rPois   ∞            (no helmet)
rElec   .            S - +0 cloak
rCorr   .            M - +1 pair of gloves
SInv    .            (boots unavailable)
Will    +....        a - amulet of regeneration
Stlth   ++           r - +6 ring of intelligence
HPRegen 1.96/turn    y - +6 ring of dexterity
MPRegen 0.00/turn

%: infuse magic (-3 HP)
@: petrified, flying, slowed, studying Conjurations
A: sickness immunity, fire resistance 2, cold vulnerability 1, float, innate
caster, HP casting, extra vitality 1
a: Renounce Religion, Minor Destruction, Lesser Servant of Makhleb, Major
Destruction, Greater Servant of Makhleb


You were on level 5 of the Lair of Beasts.
You worshipped Makhleb.
Makhleb was extremely pleased with you.
You visited 2 branches of the dungeon, and saw 17 of its levels.
You also visited: Volcano.

You collected 969 gold pieces.

Inventory:

Hand Weapons
 c - a +2 glaive of flaming
 f - a +1 rapier of flaming
 u - a +3 falchion of freezing
 A - a +4 trident of venom
 F - a +1 mace of holy wrath
 G - a +3 trident of draining
 H - a +5 battleaxe of freezing
 I - a +5 long sword
Missiles
 h - 15 poisoned darts
 m - 2 atropa-tipped darts
 n - 6 javelins
 w - 9 boomerangs
Armour
 b - a +0 robe of fire resistance
 q - a +3 scale mail of fire resistance
 K - +0 steam dragon scales
 L - a +0 kite shield
 M - a +1 pair of gloves (worn)
 S - a +0 cloak (worn)
 T - a +0 troll leather armour (worn)
 U - a +2 ring mail of cold resistance
Jewellery
 a - an amulet of regeneration (around neck)
 p - an amulet of the acrobat
 r - a +6 ring of intelligence (left hand)
 y - a +6 ring of dexterity (right hand)
 C - a +6 ring of intelligence
Talismans
 V - a maw talisman
Wands
 E - a wand of iceblast (18)
 P - a wand of quicksilver (8)
 Q - a wand of mindburst (6)
 W - a wand of paralysis (2)
Scrolls
 l - a scroll of torment {unknown}
 t - 6 scrolls of fog
 v - a scroll of vulnerability {unknown}
 z - 6 scrolls of teleportation
 B - 3 scrolls of poison
 J - a scroll of enchant weapon {unknown}
 N - a scroll of immolation
 O - a scroll of brand weapon {unknown}
 R - a scroll of acquirement
Potions
 d - 2 potions of might
 e - 2 potions of brilliance
 g - 2 potions of attraction {unknown}
 i - a potion of lignification {unknown}
 j - 6 potions of curing
 k - 2 potions of heal wounds
 o - a potion of resistance {unknown}
 s - a potion of berserk rage {unknown}
 x - 2 potions of magic {unknown}
 D - 4 potions of mutation


   Skills:
 - Level 9.0 Fighting
 - Level 7.2 Long Blades
 - Level 7.0 Throwing
 + Level 6.9 Armour
 - Level 6.0 Dodging
 - Level 1.5 Stealth
 - Level 12.0 Spellcasting
 - Level 15.9 Conjurations
 - Level 12.0 Hexes
 - Level 12.0 Summonings
 - Level 12.0 Necromancy
 - Level 12.0 Translocations
 - Level 12.0 Fire Magic
 - Level 12.0 Ice Magic
 - Level 12.0 Air Magic
 - Level 12.0 Earth Magic
 - Level 12.0 Alchemy
 - Level 7.0 Evocations


You knew the following spells:

 Your Spells              Type           Power      Damage    Failure   Level
a - Alistair's Intoxicat  Alch           48%        N/A       1%          5
b - Fireball              Conj/Fire      39%        3d16      1%          5
d - Magic Dart            Conj           100%       1d8       0%          1
e - Static Discharge      Conj/Air       100%       3-8/arc   1%          2
f - Fulminant Prism       Conj/Alch      39%        3d18      1%          4
m - Iskenderun's Mystic   Conj/Tloc      78%        2d16      1%          4
n - Necrotise             Necr           100%       1d9       1%          1
o - Ozocubu's Armour      Ice            72%        N/A       1%          3
r - Searing Ray           Conj           100%       2d8       0%          2
x - Olgreb's Toxic Radia  Alch           72%        N/A       1%          4
Your spell library was empty.

Dungeon Overview and Level Annotations

Branches:
Dungeon (12/15)            Temple (0/1) D:7            Lair (5/5) D:11
  Slime (0/5) Lair:4      Volcano (visited)
  Swamp: Lair:2-3    Shoals: Lair:2-3     Snake: Lair:2-3    Spider: Lair:2-3
    Orc: D:9-12

Altars:
Dithmenos
Hepliaklqana
Makhleb
Okawaru
Qazlal
Xom

Annotations:
D:12 Azrael


Innate Abilities, Weirdness & Mutations

You are immune to sickness and miasma.
You are immune to poison.
Your flesh is very heat resistant. (rF++)
You are vulnerable to cold. (rC-)
You float through the air rather than walking.
You learn spells naturally, not from books.
Your magical power is your life essence.
You have superior vitality. (+4 MHP)


Message History

You stop ascending the stairs.
The five-headed hydra bites you! x2
The five-headed hydra bites you but does no damage.
The five-headed hydra barely misses you.
The five-headed hydra bites you.
The basilisk hisses menacingly.
The five-headed hydra bites you! x2
The five-headed hydra bites you but does no damage.
The five-headed hydra bites you! x2; The water moccasin bites you.
The torpor snail bites you but does no damage.
The basilisk gazes at you.
The water moccasin bites you but does no damage.
The five-headed hydra bites you.
The five-headed hydra bites you but does no damage.
The five-headed hydra bites you. The five-headed hydra bites you!
The five-headed hydra bites you. The torpor snail barely misses you.
The water moccasin bites you. The basilisk bites you!
The five-headed hydra bites you but does no damage.
The five-headed hydra bites you! The five-headed hydra bites you. x2
The five-headed hydra bites you! The water moccasin bites you.
The basilisk bites you! The torpor snail bites you.
A nearby plant withers and dies.
The water moccasin bites you. The five-headed hydra bites you!
The five-headed hydra bites you.
The five-headed hydra bites you but does no damage.
The five-headed hydra bites you. x2; The basilisk barely misses you.
The water moccasin bites you. The cane toad stings you!!
* * * LOW HITPOINT WARNING * * *
The five-headed hydra bites you!
* * * LOW HITPOINT WARNING * * *
The five-headed hydra bites you!
* * * LOW HITPOINT WARNING * * *
The five-headed hydra bites you but does no damage.
The five-headed hydra bites you!
* * * LOW HITPOINT WARNING * * *
The five-headed hydra bites you!
* * * LOW HITPOINT WARNING * * *
The water moccasin bites you. The torpor snail bites you!
* * * LOW HITPOINT WARNING * * *
The basilisk bites you!
You die...

# ##..... ...
##.#......#..##
...#.....#.....
...............
..........†....
.......†.......
##..lwS......
#....@D..†...
#....††F†.....
#....†.<.......
#.........##...
........... ..
......P....$ .
........#....
.........#...P


You could see a five-headed hydra, a torpor snail, a cane toad, a basilisk and a
water moccasin.

Vanquished Creatures
  Rupert (Lair:4)
  4 hydras
  A dancing weapon (Volcano)
  2 two-headed ogres
  A boulder beetle (D:11)
  2 occultists (Volcano)
  An orc sorcerer (Volcano)
  11 elephants (Lair:4)
  3 black mambas
  5 toenail golems (Volcano)
  7 cane toads
  A gargoyle (D:10)
  2 rime drakes
  Jeremiah (D:6)
  An unseen horror (D:11)
  5 komodo dragons
  A troll (D:10)
  A hornet (D:8)
  8 blink frogs
  A polar bear (Lair:4)
  A vampire (D:11)
  6 wyverns
  3 fire bats (Lair:4)
  2 wraiths
  5 humans (Volcano)
  29 yaks
  3 steam dragons
  4 vampire mosquitoes (D:10)
  Edmund (D:6)
  9 water moccasins
  A sky beast (D:7)
  Duvessa (D:7)
  2 orc warriors
  A black bear (D:6)
  An ice beast (D:7)
  9 wolves (Lair:5)
  An ogre (D:5)
  2 centaurs
  2 phantoms
  6 bullfrogs
  A scorpion (D:4)
  4 gnoll sergeants
  Dowan (D:7)
  14 wights
  5 howler monkeys
  6 hounds
  A bombardier beetle (D:6)
  18 jellies
  3 orc priests
  A sleepcap (D:7)
  An iguana (D:4)
  Ijyb (D:5)
  5 orc wizards
  15 gnolls
  6 adders
  2 white imps (D:7)
  2 ufetubi (D:5)
  7 ribbon worms
  14 orcs
  8 ball pythons
  11 endoplasms
  2 giant cockroaches (D:1)
  8 goblins
  6 hobgoblins
  4 jackals (D:3)
  5 quokkas
  3 bats
  5 frilled lizards
  5 kobolds
  A rat (D:1)
  A fulminant prism (D:5)
314 creatures vanquished.

Vanquished Creatures (others)
  174 fulminant prisms
174 creatures vanquished.

Grand Total: 488 creatures vanquished

Notes
Turn   | Place    | Note
-------+----------+-------------------------------------------
     0 | D:1      | bonscott the Djinni Conjurer began the quest for the Orb.
     0 | D:1      | bonscott set off with the following spells memorised: Magic
                  | Dart, Searing Ray, Fulminant Prism, Iskenderun's Mystic
                  | Blast.
     0 | D:1      | Reached XP level 1. HP: 15/15 MP: 0/0
   180 | D:1      | Reached XP level 2. HP: 19/21 MP: 0/0
   186 | D:1      | Found a faded altar of an unknown god.
   441 | D:1      | Reached skill level 4 in Conjurations
   664 | D:1      | Reached XP level 3. HP: 23/25 MP: 0/0
   664 | D:1      | Learned a level 1 spell: Necrotise
   993 | D:2      | Reached XP level 4. HP: 29/31 MP: 0/0
  1240 | D:2      | Identified a scroll of acquirement
  1240 | D:2      | Acquired a manual of Conjurations
  1477 | D:3      | Reached skill level 5 in Conjurations
  1498 | D:3      | Found a shadowy altar of Dithmenos.
  1498 | D:3      | Found a burning altar of Makhleb.
  1534 | D:3      | Became a worshipper of Makhleb the Destroyer
  1584 | D:3      | Reached XP level 5. HP: 28/35 MP: 0/0
  1584 | D:3      | Learned a level 2 spell: Static Discharge
  1738 | D:3      | Reached skill level 5 in Spellcasting
  1738 | D:3      | Reached skill level 5 in Hexes
  1738 | D:3      | Reached skill level 5 in Summonings
  1738 | D:3      | Reached skill level 5 in Necromancy
  1738 | D:3      | Reached skill level 5 in Translocations
  1738 | D:3      | Reached skill level 5 in Fire Magic
  1738 | D:3      | Reached skill level 5 in Ice Magic
  1738 | D:3      | Reached skill level 5 in Air Magic
  1738 | D:3      | Reached skill level 5 in Earth Magic
  1738 | D:3      | Reached skill level 5 in Alchemy
  2080 | D:4      | Noticed a phantom
  2084 | D:4      | Killed a phantom
  2085 | D:4      | Reached skill level 6 in Conjurations
  2085 | D:4      | Reached XP level 6. HP: 34/40 MP: 0/0
  2326 | D:4      | Found a hazy altar of Hepliaklqana.
  2392 | D:5      | Entered Level 5 of the Dungeon
  2491 | D:5      | Reached skill level 7 in Conjurations
  2511 | D:5      | Reached * piety under Makhleb
  2524 | D:5      | Reached XP level 7. HP: 24/45 MP: 0/0
  2524 | D:5      | Learned a level 3 spell: Ozocubu's Armour
  2614 | D:4      | Reached skill level 8 in Conjurations
  2691 | D:5      | Noticed Ijyb
  2707 | D:5      | Killed Ijyb
  2730 | D:5      | Found an iron altar of Okawaru.
  2837 | D:6      | Reached skill level 1 in Armour
  3094 | D:6      | Noticed Edmund
  3112 | D:6      | Killed Edmund
  3113 | D:6      | Reached XP level 8. HP: 21/50 MP: 0/0
  3250 | D:6      | Noticed Jeremiah
  3273 | D:6      | Killed Jeremiah
  3422 | D:6      | Reached skill level 9 in Conjurations
  3495 | D:6      | Reached ** piety under Makhleb
  3496 | D:6      | Reached XP level 9. HP: 46/62 MP: 0/0
  3496 | D:6      | Learned a level 4 spell: Olgreb's Toxic Radiance
  3506 | D:6      | Reached skill level 10 in Conjurations
  3893 | D:6      | Reached skill level 11 in Conjurations
  4379 | D:7      | Noticed Duvessa
  4381 | D:7      | Reached skill level 1 in Evocations
  4381 | D:7      | Noticed Dowan
  4385 | D:7      | Killed Duvessa
  4387 | D:7      | Killed Dowan
  4389 | D:7      | Found a staircase to the Ecumenical Temple.
  4403 | D:7      | Reached XP level 10. HP: 28/67 MP: 0/0
  4583 | D:7      | Reached skill level 1 in Long Blades
  4599 | D:7      | Reached skill level 1 in Throwing
  4850 | D:7      | Reached *** piety under Makhleb
  5443 | D:8      | Reached skill level 5 in Long Blades
  5931 | D:9      | Reached XP level 11. HP: 69/73 MP: 0/0
  5931 | D:9      | Learned a level 5 spell: Alistair's Intoxication
  6249 | D:9      | Reached skill level 12 in Conjurations
  6359 | D:10     | Entered Level 10 of the Dungeon
  6451 | D:10     | Noticed a two-headed ogre
  6465 | D:10     | Killed a two-headed ogre
  6478 | D:10     | Reached skill level 10 in Spellcasting
  6478 | D:10     | Reached skill level 13 in Conjurations
  6478 | D:10     | Reached skill level 10 in Hexes
  6478 | D:10     | Reached skill level 10 in Summonings
  6478 | D:10     | Reached skill level 10 in Necromancy
  6478 | D:10     | Reached skill level 10 in Translocations
  6478 | D:10     | Reached skill level 10 in Fire Magic
  6478 | D:10     | Reached skill level 10 in Ice Magic
  6478 | D:10     | Reached skill level 10 in Air Magic
  6478 | D:10     | Reached skill level 10 in Earth Magic
  6478 | D:10     | Reached skill level 10 in Alchemy
  6803 | D:10     | Found a stormy altar of Qazlal.
  6841 | D:10     | Reached skill level 5 in Evocations
  6843 | D:10     | Reached **** piety under Makhleb
  6895 | D:10     | Found a shimmering altar of Xom.
  7254 | D:11     | Noticed a two-headed ogre
  7262 | D:11     | Killed a two-headed ogre
  7297 | D:12     | Noticed Azrael
  7297 | D:12     | Noticed a boulder beetle
  7457 | D:11     | Noticed a boulder beetle
  7472 | D:11     | Reached skill level 5 in Fighting
  7485 | D:11     | Killed a boulder beetle
  7506 | D:11     | Reached XP level 12. HP: 83/83 MP: 0/0
  7583 | D:11     | Found a staircase to the Lair.
  7625 | Lair:1   | Entered Level 1 of the Lair of Beasts
  7641 | Lair:1   | Reached skill level 5 in Throwing
  7650 | Lair:1   | Noticed a four-headed hydra
  7662 | Lair:1   | Killed a four-headed hydra
  7765 | Lair:2   | Reached skill level 5 in Armour
  7766 | Lair:2   | Noticed a seven-headed hydra
  7773 | Lair:2   | Killed a seven-headed hydra
  7824 | Lair:2   | Reached skill level 5 in Dodging
  7903 | Lair:3   | Noticed an eight-headed hydra
  7917 | Lair:3   | Killed an eight-headed hydra
  8033 | Lair:4   | Found a staircase to the Slime Pits.
  8049 | Lair:4   | Reached ***** piety under Makhleb
  8056 | Lair:4   | Reached XP level 13. HP: 88/92 MP: 0/0
  8056 | Lair:4   | Learned a level 5 spell: Fireball
  8067 | Lair:4   | Reached skill level 14 in Conjurations
  8103 | Lair:4   | Noticed Rupert
  8120 | Lair:4   | Paralysed by Rupert for 5 turns
  8129 | Lair:4   | Killed Rupert
  8315 | Lair:4   | Found a dark tunnel.
  8330 | Volcano  | Entered a volcano
  8408 | Volcano  | Reached skill level 15 in Conjurations
  8754 | Lair:5   | Entered Level 5 of the Lair of Beasts
  8754 | Lair:5   | Noticed a six-headed hydra
  8761 | Lair:5   | Killed a six-headed hydra
  8765 | Lair:5   | Reached XP level 14. HP: 96/101 MP: 0/0
  8782 | Lair:5   | HP: 2/101 [torpor snail (5)]
  8782 | Lair:5   | Slain by a basilisk

Illustrated notes

Levels and vault maps discovered:
D:1:      eino_arrival_cavern_e, layout_basic, nicolae_ecumenical_lake_church
D:2:      layout_rooms, serial_corexii_hall, corexii_hall_statues_deadend,
          corexii_hall_statues_x
D:3:      layout_basic, jmf_multi_god_temple
D:4:      layout_loops_ring, nicolae_hepliaklqana_hippocampus
D:5:      layout_basic, mainiacjoe_overflow_boulevard, lemuel_tele_altar,
          uniq_ijyb
D:6:      layout_gridville, uniq_edmund, uniq_jeremiah
D:7:      layout_basic, minmay_temple_entry_overgrown, uniq_duvessa
D:8:      layout_gridville, nicolae_vehumet_altar_sigil
D:9:      layout_basic, minmay_misc_feat_pillars
D:10:     layout_loops_cross, regret_index_xom_buried_treasure,
          overflow_temple_1_default, nicolae_elevator_lobby_asterisk
D:11:     layout_roguey, erik_lair_dragon, water_maze_lemuel
D:12:     layout_rooms, orc_0_dummy, serial_nicolae_subway,
          nicolae_sub_station_metal, nicolae_sub_station_crystal,
          nicolae_sub_station_stone, uniq_azrael, uniq_snorg
Lair:1:   layout_misc_corridors, grunt_megastairs_3, serial_bayou_shore_b
Lair:2:   regret_index_malice_mire, layout_cave_pods,
          nicolae_spider_entry_non_spiders, ebering_ghost_inner_flame,
          chequers_serial_rivers_large_a, uniq_amaemon
Lair:3:   layout_loops_ring, mainiacjoe_swamp_entry_lozenge_pond,
          eino_small_chamber_without_monster, minmay_lair_oklob_items,
          grunt_megastairs_4, infiniplex_staircase_pool_2, uniq_josephine
Lair:4:   layout_cave_pods, minmay_slime_entry_jelly_boxes,
          nicolae_volcano_entry_batcave, uniq_rupert
Lair:5:   hellmonk_lair_end_abyssal_woods, layout_misc_corridors

Skill      XL: |  1  2  3  4  5  6  7  8  9 10 11 12 13 |
---------------+----------------------------------------+-----
Spellcasting   | 4 5 6 7 9 10 12 | 12.0
Conjurations   | 4 5 6 7 8 9 11 13 15 | 15.9
Hexes          | 4 5 6 7 9 10 12 | 12.0
Summonings     | 4 5 6 7 9 10 12 | 12.0
Necromancy     | 4 5 6 7 9 10 12 | 12.0
Translocations | 4 5 6 7 9 10 12 | 12.0
Fire Magic     | 4 5 6 7 9 10 12 | 12.0
Ice Magic      | 4 5 6 7 9 10 12 | 12.0
Air Magic      | 4 5 6 7 9 10 12 | 12.0
Earth Magic    | 4 5 6 7 9 10 12 | 12.0
Alchemy        | 4 5 6 7 9 10 12 | 12.0
Armour         | 3 4 6 |  6.9
Fighting       | 4 6 8 9 |  9.0
Dodging        | 4 5 6 |  6.0
Evocations     | 3 4 6 7 |  7.0
Long Blades    | 6 7 |  7.2
Throwing       | 4 6 7 |  7.0
Stealth        | |  1.5

Action                     |  1- 3 |  4- 6 |  7- 9 | 10-12 | 13-15 || total
---------------------------+-------+-------+-------+-------+-------++-------
  Melee: Short sword       |       |     2 |       |       |       ||     2
         Trident           |       |       |     3 |     5 |       ||     8
         Punch             |       |       |       |     1 |       ||     1
  Throw: Dart              |       |       |     2 |     8 |       ||    10
   Cast: Magic Dart        |    72 |    75 |    34 |    51 |    13 ||   245
         Searing Ray       |     4 |    13 |    16 |    28 |     6 ||    67
         Static Discharge  |       |     2 |       |       |       ||     2
         Fulminant Prism   |       |     2 |    41 |    86 |    46 ||   175
         Iskenderun's Myst |       |     1 |    18 |    83 |    71 ||   173
         Olgreb's Toxic Ra |       |       |       |     6 |       ||     6
         Fireball          |       |       |       |       |     3 ||     3
  Evoke: Wand              |       |       |     1 |       |       ||     1
    Use: Scroll            |     3 |     3 |     3 |     4 |     1 ||    14
         Potion            |       |       |       |       |     2 ||     2
 Armour: Robe              |    11 |     8 |     8 |       |       ||    27
         Steam dragon scal |       |       |     6 |    10 |       ||    16
         Troll leather arm |       |       |       |     5 |    67 ||    72
  Dodge: Dodged            |    17 |    20 |    23 |    12 |    16 ||    88
